 Dungeon Crawl Stone Soup version 0.29.1-15-g9cfb28693d (webtiles) character file.

Game seed: 13615660452959917845

5 ChiefBigBeans the Grave Robber (level 1, -2/14 HPs)
             Began as a Ghoul Necromancer on Feb 21, 2023.
             Slain by a quokka (3 damage)
             ... on level 1 of the Dungeon.
             The game lasted 00:00:29 (328 turns).

ChiefBigBeans the Grave Robber (Ghoul Necromancer)   Turns: 328, Time: 00:00:29

Health: -2/14      AC:  2    Str: 11    XL:     1   Next: 80%
Magic:  2/2        EV: 12    Int: 10    God:
Gold:   16         SH:  0    Dex:  9    Spells: 2/3 levels left

rFire   . . .      SeeInvis .   (no weapon)
rCold   + . .      Faith    .   (no shield)
rNeg    + + +      Spirit   .   a - +0 robe
rPois   ∞          Reflect  .   (no helmet)
rElec   .          Harm     .   (no cloak)
rCorr   .          Rampage  .   (no gloves)
Will    .....                   (no boots)
Stlth   ++........              (no amulet)
HPRegen 0.00/turn               (no ring)
MPRegen 0.08/turn               (no ring)

@: inhibited regen
A: claws 1, cold resistance 1, negative energy resistance 3, inhibited
regeneration, torment resistance 2, devour on kill
a: no special abilities


You were on level 1 of the Dungeon.
You visited 1 branch of the dungeon, and saw 1 of its levels.

You collected 16 gold pieces.

Inventory:

Armour
 a - a +0 robe (worn)
Potions
 b - a potion of magic
 c - a potion of heal wounds {unknown}


   Skills:
 + Level 1.9 Dodging
 + Level 2.3 Stealth
 + Level 1.9 Spellcasting
 + Level 4.0 Necromancy


You had 2 spell levels left.
You knew the following spells:

 Your Spells              Type           Power      Damage    Failure   Level
a - Necrotise             Necr           36%        1d5       6%          1

Your spell library contained the following spells:

 Spells                   Type           Power      Damage    Failure   Level
 Vampiric Draining        Necr           9%         2d6       19%         3
 Animate Dead             Necr           9%         N/A       52%         4
 Agony                    Necr           9%         N/A       86%         5


Dungeon Overview and Level Annotations

Branches:
Dungeon (1/15)

Altars:


Innate Abilities, Weirdness & Mutations

You are immune to poison.
You have sharp fingernails.
Your flesh is cold resistant. (rC+)
You are immune to negative energy. (rN+++)
You do not regenerate when monsters are visible.
You are immune to unholy pain and torment.
You thrive by killing the living.


Message History

You kill the giant cockroach!
You see here a giant cockroach corpse.
c - a cyan potion You start resting.
HP restored.
A kobold comes into view. It is wielding a +0 dagger.
The kobold shouts!
You hear a shout!
The kobold hits you with a +0 dagger.
You scratch the kobold.
You kill the kobold!
A quokka comes into view.
Things that are here:
a +0 dagger; a stone; a kobold corpse A giant cockroach comes into view.
The quokka closely misses you. The quokka closely misses you.
The giant cockroach closely misses you. The quokka closely misses you.
The giant cockroach barely misses you.
You closely miss the giant cockroach. The quokka barely misses you.
The giant cockroach waves its antennae.
The giant cockroach bites you. The quokka closely misses you.
The giant cockroach barely misses you.
You scratch the giant cockroach.
The giant cockroach is severely wounded.
The quokka bites you. The giant cockroach closely misses you.
You scratch the giant cockroach.
You kill the giant cockroach!
The quokka bites you but does no damage.
The quokka attacks as you move away!
The quokka bites you but does no damage.
You completely miss the quokka. The quokka bites you. The quokka misses you.
You barely miss the quokka. The quokka bites you.
* * * LOW HITPOINT WARNING * * *
You scratch the quokka.
The quokka is moderately wounded.
The quokka bites you.
* * * LOW HITPOINT WARNING * * *
You barely miss the quokka.
The quokka is moderately wounded.
The quokka bites you.
You die...

.. .# ##.# #
...#
#.####..##+# #
...#.....#..
##.#.......#
#.@r....#
#######..#.# #
#....)...#
##### #.
#.######.#
####...#
##.####.# .#
..#.♣.#
##.......## #
## #...♣.#
#...#.#.#.#.#
#.....#
#..♣...♣...♣.
#.....#
#.#.#.#.#.#.#.
#.....#


You could see a quokka.

Vanquished Creatures
  2 giant cockroaches (D:1)
  A hobgoblin (D:1)
  A bat (D:1)
  A kobold (D:1)
5 creatures vanquished.

Notes
Turn   | Place    | Note
-------+----------+-------------------------------------------
     0 | D:1      | ChiefBigBeans the Ghoul Necromancer began the quest for the
                  | Orb.
     0 | D:1      | Reached XP level 1. HP: 14/14 MP: 2/2
   328 | D:1      | Slain by a quokka

Illustrated notes

Levels and vault maps discovered:
D:1:      amcnicky_arrival_blooded_trapdoor, layout_basic, nrook_loot_triangle,
          amcnicky_mini_rare_corridor_liquid, kennysheep_crisscross,
          chequers_serial_rivers_large_b, nicolae_titane

Action                   || total
-------------------------++-------
Melee: Unarmed           ||    26
 Stab: Sleeping          ||     1
Armor: Robe              ||     8
Dodge: Dodged            ||    27
